Match 45435175
Unlisted

Match 45435175
End
Kettenkrad Recon Vehicle
Construct Infanterie Kompanie
Grenadier Squad
Grenadier Squad
MG 42 Machine Gun Team
Construct Panzergrenadier Kompanie
Panzergrenadier Squad
Panzergrenadier Squad
Pak 40 Anti-tank Gun Team
Medical Bunker
Pak 40 Anti-tank Gun Team
Construct Panzer Kompanie
Stoßtruppen Squad
Pak 40 Anti-tank Gun Team
Pak 40 Anti-tank Gun Team
Panzer IV Medium Tank
Stoßtruppen Squad
Panzer IV Medium Tank
Grenadier Squad
Grenadier Squad
Infanterie Officer Quarters
Pak 40 Anti-tank Gun Team
Pak 40 Anti-tank Gun Team
Pak 40 Anti-tank Gun Team
Pak 40 Anti-tank Gun Team
coldvortex
rettep_s
0
0

Comments sign in to comment!

No comments posted yet!